SNL (28 & UNDER)
WICHITA WRANGLERS @ BLACKIRON DRAGONS
05/20/2029
 
TOP OF THE 1ST
Wichita Wranglers batting - Pitching for BlackIron Dragons : RHP Júlio Lucchi
Pitching: RHP Júlio Lucchi
Batting: RHB Dave Boom 0-0: Ball
1-0: Ground out 6-3 (Groundball, 6)
Batting: LHB Dudley Cooper 0-0: Ball
1-0: Ground out 4-3 (Groundball, 4)
Batting: RHB Jorge Barbosa 0-0: Called Strike
0-1: Ball
1-1: Called Strike
1-2: Ball
2-2: Fly out, F9 (Flyball, 9S)
Top of the 1st over - 0 runs, 0 hits, 0 errors, 0 left on base; Wichita 0 - BlackIron 0
BOTTOM OF THE 1ST
BlackIron Dragons batting - Pitching for Wichita Wranglers : LHP António Ruíz
Pitching: LHP António Ruíz
Batting: LHB Miguel García 0-0: Ball
1-0: Fly out, F8 (Flyball, 8LM)
Batting: RHB Bernardo Corona 0-0: Ball
1-0: SINGLE (Groundball, 4MD)
Batting: RHB Ryan Jackson 0-0: Ball
1-0: Ball
2-0: Ball
3-0: Called Strike
3-1: Fly out, F7 (Flyball, 78M)
Batting: RHB Vernon Sterling 0-0: Called Strike
0-1: Ball
1-1: Foul Ball, location: 2F
1-2: Fly out, F4 (Popup, 4S)
Bottom of the 1st over - 0 runs, 1 hit, 0 errors, 1 left on base; Wichita 0 - BlackIron 0
TOP OF THE 2ND
Wichita Wranglers batting - Pitching for BlackIron Dragons : RHP Júlio Lucchi
Batting: LHB Milo Powers 0-0: Called Strike
0-1: Ball
1-1: Swinging Strike
1-2: DOUBLE (Line Drive, 7LS)
Batting: RHB Travis Ezell 0-0: Called Strike
0-1: Ball
1-1: Foul Ball, location: 2F
1-2: Strikes out swinging
Batting: LHB Al Miller 0-0: Ball
1-0: Fly out, F8 (Line Drive, 78M)
Batting: RHB Stan Taylor 0-0: Ball
1-0: Ball
2-0: Swinging Strike
2-1: Ball
3-1: Called Strike
3-2: Ground out 6-3 (Groundball, 6)
Top of the 2nd over - 0 runs, 1 hit, 0 errors, 1 left on base; Wichita 0 - BlackIron 0
BOTTOM OF THE 2ND
BlackIron Dragons batting - Pitching for Wichita Wranglers : LHP António Ruíz
Batting: SHB David Boyle 0-0: Ball
1-0: Ball
2-0: Foul Ball, location: 2F
2-1: Foul Ball, location: 2F
2-2: Foul Ball, location: 2F
2-2: Ground out U3 (Groundball, 34)
Batting: RHB Alexander Barr 0-0: Called Strike
0-1: Ball
1-1: Ball
2-1: Fly out, F9 (Flyball, 9LMF)
Batting: RHB Jesús Castillo 0-0: Ball
1-0: Ball
2-0: Ball
3-0: Called Strike
3-1: Called Strike
3-2: Strikes out looking
Bottom of the 2nd over - 0 runs, 0 hits, 0 errors, 0 left on base; Wichita 0 - BlackIron 0
TOP OF THE 3RD
Wichita Wranglers batting - Pitching for BlackIron Dragons : RHP Júlio Lucchi
Batting: RHB Ricardo Velásquez 0-0: Called Strike
0-1: Ball
1-1: Ball
2-1: Ball
3-1: Swinging Strike
3-2: Strikes out swinging
Batting: RHB Miguel García 0-0: Called Strike
0-1: Ball
1-1: Foul Ball, location: 2F
1-2: Foul Ball, location: 2F
1-2: Strikes out swinging
Batting: RHB Dave Boom 0-0: Swinging Strike
0-1: Foul Ball, location: 2F
0-2: Fly out, F8 (Flyball, 8RD)
Top of the 3rd over - 0 runs, 0 hits, 0 errors, 0 left on base; Wichita 0 - BlackIron 0
BOTTOM OF THE 3RD
BlackIron Dragons batting - Pitching for Wichita Wranglers : LHP António Ruíz
Batting: RHB Luis Méndez 0-0: Ball
1-0: Ball
2-0: Ball
3-0: Called Strike
3-1: Base on Balls
Batting: RHB Joaquín Valenzuela 0-0: Called Strike
Pickoff Throw to First - Error! E1
Luis Méndez to second
0-1: Ground out 1-3 (Groundball, P)
Luis Méndez to third
Batting: LHB Miguel García 0-0: Ball
Wild Pitch!
Luis Méndez scores
1-0: Called Strike
1-1: Called Strike
1-2: Ball
2-2: Fly out, F8 (Flyball, 8RM)
Batting: RHB Bernardo Corona 0-0: Ball
1-0: DOUBLE (Flyball, 8LXD)
Batting: RHB Ryan Jackson 0-0: Ground out 4-3 (Groundball, 4)
Bottom of the 3rd over - 1 run, 1 hit, 1 error, 1 left on base; Wichita 0 - BlackIron 1
TOP OF THE 4TH
Wichita Wranglers batting - Pitching for BlackIron Dragons : RHP Júlio Lucchi
Batting: LHB Dudley Cooper 0-0: Foul Ball, location: 2F
0-1: Ball
1-1: Ground out 4-3 (Groundball, 4)
Batting: RHB Jorge Barbosa 0-0: Ball
1-0: Ball
2-0: Foul Ball, location: 2F
2-1: Ball
3-1: Base on Balls
Batting: LHB Milo Powers 0-0: Ball
1-0: Foul Ball, location: 2F
1-1: Ball
2-1: Ball
3-1: Base on Balls
Jorge Barbosa to second
Batting: RHB Travis Ezell 0-0: Swinging Strike
0-1: Ball
1-1: Ball
2-1: Foul Ball, location: 2F
2-2: Ball
3-2: Strikes out swinging
Batting: LHB Al Miller 0-0: Ball
1-0: Called Strike
1-1: Called Strike
1-2: Ball
2-2: Foul Ball, location: 2F
2-2: Strikes out swinging
Top of the 4th over - 0 runs, 0 hits, 0 errors, 2 left on base; Wichita 0 - BlackIron 1
BOTTOM OF THE 4TH
BlackIron Dragons batting - Pitching for Wichita Wranglers : LHP António Ruíz
Batting: RHB Vernon Sterling 0-0: Ball
1-0: Ball
2-0: Foul Ball, location: 2F
2-1: Fly out, F7 (Line Drive, 7LS)
Batting: SHB David Boyle 0-0: Ball
1-0: Ball
2-0: Ground out 3-1 (Groundball, 34)
Batting: RHB Alexander Barr 0-0: Ball
1-0: Called Strike
1-1: Foul Ball, location: 2F
1-2: SINGLE (Flyball, 89S)
Batting: RHB Jesús Castillo 0-0: Fielders Choice at 2nd, 6-4 (Groundball, 6)
Bottom of the 4th over - 0 runs, 1 hit, 0 errors, 1 left on base; Wichita 0 - BlackIron 1
TOP OF THE 5TH
Wichita Wranglers batting - Pitching for BlackIron Dragons : RHP Júlio Lucchi
Batting: RHB Stan Taylor 0-0: Called Strike
0-1: Foul Ball, location: 2F
0-2: Strikes out swinging
Batting: RHB Ricardo Velásquez 0-0: Foul Ball, location: 2F
0-1: Ground out 6-3 (Groundball, 6)
Batting: RHB Miguel García 0-0: Ball
1-0: Swinging Strike
1-1: Ball
2-1: Ball
3-1: SINGLE (Groundball, 6MD)
Batting: RHB Dave Boom 0-0: Ball
1-0: Ball
2-0: Fielders Choice at 2nd, 6-4 (Groundball, 6)
Top of the 5th over - 0 runs, 1 hit, 0 errors, 1 left on base; Wichita 0 - BlackIron 1
BOTTOM OF THE 5TH
BlackIron Dragons batting - Pitching for Wichita Wranglers : LHP António Ruíz
Batting: RHB Luis Méndez 0-0: Ball
1-0: Swinging Strike
1-1: Swinging Strike
1-2: Strikes out swinging
Batting: RHB Joaquín Valenzuela 0-0: SINGLE (Groundball, 13S) (infield hit)
Batting: LHB Miguel García 0-0: Called Strike
Joaquín Valenzuela steals 2nd base
0-1: Ball
1-1: Foul Ball, location: 2F
1-2: Ball
2-2: SINGLE (Groundball, 4M) (infield hit)
Joaquín Valenzuela to third
Batting: RHB Bernardo Corona 0-0: Ball
1-0: Foul Ball, location: 2F
1-1: Ball
2-1: Ball
3-1: Fly out, F8 (Flyball, 8RXD)
Runner from 3rd tags up, SCORES, no throw
Batting: RHB Ryan Jackson 0-0: Ball
1-0: Ball
2-0: Ground out 3-1 (Groundball, 3)
Bottom of the 5th over - 1 run, 2 hits, 0 errors, 1 left on base; Wichita 0 - BlackIron 2
TOP OF THE 6TH
Wichita Wranglers batting - Pitching for BlackIron Dragons : RHP Júlio Lucchi
Batting: LHB Dudley Cooper 0-0: Ground out 3-1 (Groundball, 3S)
Batting: RHB Jorge Barbosa 0-0: Called Strike
0-1: Foul Ball, location: 2F
0-2: Ball
1-2: Foul Ball, location: 2F
1-2: Fly out, F7 (Flyball, 78S)
Batting: LHB Milo Powers 0-0: Ball
1-0: Foul Ball, location: 2F
1-1: Fly out, F6 (Popup, 6MD)
Top of the 6th over - 0 runs, 0 hits, 0 errors, 0 left on base; Wichita 0 - BlackIron 2
BOTTOM OF THE 6TH
BlackIron Dragons batting - Pitching for Wichita Wranglers : LHP António Ruíz
Batting: RHB Vernon Sterling 0-0: DOUBLE (Line Drive, 89D)
Batting: SHB David Boyle 0-0: Swinging Strike
0-1: Ball
1-1: Swinging Strike
1-2: Ground out 4-3 (Groundball, 4)
Vernon Sterling to third
Batting: RHB Alexander Barr 0-0: SINGLE (Flyball, 7S)
Vernon Sterling scores
Batting: RHB Jesús Castillo 0-0: Ball
1-0: Called Strike
1-1: Called Strike
1-2: Ball
2-2: Ball
3-2: Base on Balls
Alexander Barr to second
Batting: RHB Luis Méndez 0-0: Ball
1-0: Ball
2-0: Grounds into double play, 6-4-3 (Groundball, 6)
Bottom of the 6th over - 1 run, 2 hits, 0 errors, 1 left on base; Wichita 0 - BlackIron 3
TOP OF THE 7TH
Wichita Wranglers batting - Pitching for BlackIron Dragons : RHP Júlio Lucchi
Batting: RHB Travis Ezell 0-0: Swinging Strike
0-1: Swinging Strike
0-2: Ground out 5-3 (Groundball, 56S)
Batting: LHB Al Miller 0-0: Ground out 4-3 (Groundball, 4)
Batting: RHB Stan Taylor 0-0: Ball
1-0: Called Strike
1-1: Ground out 5-3 (Groundball, 56S)
Top of the 7th over - 0 runs, 0 hits, 0 errors, 0 left on base; Wichita 0 - BlackIron 3
BOTTOM OF THE 7TH
BlackIron Dragons batting - Pitching for Wichita Wranglers : LHP António Ruíz
Batting: RHB Joaquín Valenzuela 0-0: Ball
1-0: Foul Ball, location: 2F
1-1: Ball
2-1: Ball
3-1: Foul Ball, location: 2F
3-2: Base on Balls
Batting: LHB Miguel García 0-0: Ball
1-0: Sac Bunt - play at first, batter OUT! 1-3
Joaquín Valenzuela to second
Batting: RHB Bernardo Corona 0-0: Called Strike
0-1: Fly out, F4 (Line Drive, 4M)
Batting: RHB Ryan Jackson 0-0: Ball
1-0: Ball
2-0: Fly out, F3 (Popup, 3L)
Bottom of the 7th over - 0 runs, 0 hits, 0 errors, 1 left on base; Wichita 0 - BlackIron 3
TOP OF THE 8TH
Wichita Wranglers batting - Pitching for BlackIron Dragons : RHP Júlio Lucchi
Batting: RHB Ricardo Velásquez 0-0: Ball
1-0: Called Strike
1-1: Ball
2-1: Foul Ball, location: 2F
2-2: Ball
3-2: SOLO HOME RUN (Flyball, 7D), Distance : 394 ft
Batting: RHB Miguel García 0-0: Ball
1-0: Swinging Strike
1-1: Foul Ball, location: 2F
1-2: Ball
2-2: Strikes out swinging
Batting: RHB Dave Boom 0-0: Ground out 6-3 (Groundball, 6)
Batting: LHB Dudley Cooper 0-0: Ball
1-0: Foul Ball, location: 2F
1-1: Fly out, F4 (Line Drive, 4)
Top of the 8th over - 1 run, 1 hit, 0 errors, 0 left on base; Wichita 1 - BlackIron 3
BOTTOM OF THE 8TH
BlackIron Dragons batting - Pitching for Wichita Wranglers : LHP António Ruíz
Pitching: RHP Pedro Rivera
Batting: RHB Vernon Sterling 0-0: Ball
1-0: Ball
2-0: Foul Ball, location: 2F
2-1: Ball
3-1: Base on Balls
Batting: SHB David Boyle 0-0: Called Strike
0-1: Ball
1-1: Foul Ball, location: 2F
1-2: Ball
2-2: Foul Ball, location: 2F
2-2: SINGLE (Groundball, 6MD)
Vernon Sterling to second
Runner from 2nd tries for 3rd, SAFE, throw made at trailing runner, OUT!
Batting: RHB Alexander Barr 0-0: Intentional Walk
Pinch Hitting: RHB Brady McIntyre 0-0: Ball
1-0: Swinging Strike
1-1: Ball
2-1: Foul Ball, location: 2F
2-2: SINGLE (Line Drive, 6D)
Vernon Sterling scores
Alexander Barr to second
Batting: RHB Luis Méndez 0-0: Ball
1-0: Reached on error, E6 (Groundball, 6)
Alexander Barr to third
Brady McIntyre to second
Pinch Hitting: RHB John Jones 0-0: Ball
1-0: Called Strike
1-1: Foul Ball, location: 2F
1-2: Ball
2-2: Ball
3-2: Strikes out looking
Batting: LHB Miguel García 0-0: Swinging Strike
0-1: Fly out, F7 (Flyball, 78M)
Bottom of the 8th over - 1 run, 2 hits, 1 error, 3 left on base; Wichita 1 - BlackIron 4
TOP OF THE 9TH
Wichita Wranglers batting - Pitching for BlackIron Dragons : RHP Júlio Lucchi
Now at SS: John Jones
Now in LF: Giovannino Arduino
Batting: RHB Jorge Barbosa 0-0: Called Strike
Now at SS: Joe Baker 0-1: Ball
1-1: Called Strike
1-2: Fly out, F5 (Popup, 6S)
Batting: LHB Milo Powers 0-0: Ball
1-0: Ball
2-0: Fly out, F8 (Flyball, 8LD)
Batting: RHB Travis Ezell 0-0: Fly out, F7 (Flyball, 78D)
Top of the 9th over - 0 runs, 0 hits, 0 errors, 0 left on base; Wichita 1 - BlackIron 4
Saturday, December 16th, 2017 - OOTP Baseball 18.8 Build 76